 Dungeon Crawl Stone Soup version 0.15-a0-258-g027b8cd (webtiles) character file.

100 4tharraofdagon the Firebug (level 4, -1/24 HPs)
             Began as a Deep Elf Fire Elementalist on Apr 27, 2014.
             Slain by an adder (3 damage)
             ... on Level 3 of the Dungeon.
             The game lasted 00:03:17 (364 turns).

4tharraofdagon the Firebug (DEFE)                    Turns: 364, Time: 00:03:17

HP  -1/24        AC  2     Str  5      XL: 4   Next:  2%
MP   1/14        EV 12     Int 21      God:
Gold 31          SH  0     Dex 13      Spells:  2 memorised,  6 levels left

rFire  . . .     SeeInvis .     e - +1 dagger
rCold  . . .     Clarity  .     a - +0 robe
rNeg   . . .     Conserve .     (no shield)
rPois  .         rCorr    .     (no helmet)
rElec  .         rRot     .     (no cloak)
SustAb . .       Spirit   .     (no gloves)
rMut   .         Warding  .     (no boots)
Saprov . . .     Stasis   .     (no amulet)
MR     .....                    (no ring)
                                h - cursed ring of hunger {unknown}

@: very slightly contaminated, not resistant to hostile enchantments, fairly
stealthy
A: blurry vision 1, clumsy 1, slow metabolism 1
a: no special abilities


You were on level 3 of the Dungeon.
You were not hungry.

You visited 1 branch of the dungeon, and saw 3 of its levels.

You collected 31 gold pieces.

Inventory:

Hand weapons
 e - a +1,+1 dagger (weapon)
Armour
 a - a +0 robe (worn)
Comestibles
 c - a bread ration
 d - a meat ration
Scrolls
 f - a scroll of noise {unknown}
 g - 3 scrolls of identify {unknown}
 i - a scroll of fear {unknown}
Jewellery
 h - a cursed ring of hunger (left hand) {unknown}
Books
 b - a book of Flames

   Spells                             Type                      Level
   *Flame Tongue                      Conjuration/Fire             1
   Throw Flame                        Conjuration/Fire             2
   *Conjure Flame                     Conjuration/Fire             3
   Inner Flame                        Hexes/Fire                   3
   Sticky Flame                       Conjuration/Fire             4
   Fireball                           Conjuration/Fire             5


   Skills:
 - Level 2.4 Dodging
 - Level 2.4 Stealth
 + Level 3.5 Spellcasting
 * Level 2.8 Conjurations
 * Level 4.3 Fire Magic


You had 6 spell levels left.
You knew the following spells:

 Your Spells              Type           Power        Failure   Level  Hunger
a - Flame Tongue          Conj/Fire      ###..        3%          1    None
b - Conjure Flame         Conj/Fire      ###.....     12%         3    ###....


Dungeon Overview and Level Annotations

Branches:
Dungeon (3/15)

Altars:


Innate Abilities, Weirdness & Mutations

Your vision is a little blurry.
You are clumsy. (Dex -2)
You have a slow metabolism.


Message History

Press: ? - help, Shift-Dir - straight line, f/p - adder
Aim: an adder The flame tongue misses the adder.
The adder closely misses you. The adder barely misses you.
Casting: Flame Tongue
Confirm with . or Enter, or press ? or * to list all spells.
Aiming: Flame Tongue
Press: ? - help, Shift-Dir - straight line, f/p - adder
Aim: an adder The flame tongue hits the adder.
The adder is moderately wounded.
The adder barely misses you. The orc hits you with a hand axe.
* * * LOW HITPOINT WARNING * * *
Casting: Flame Tongue
Confirm with . or Enter, or press ? or * to list all spells.
Aiming: Flame Tongue
Press: ? - help, Shift-Dir - straight line, f/p - adder
Aim: an adder (moderately wounded)
The flame tongue misses the adder.
The adder bites you.
You die...

# #o# #.# #o#
#.#
###########.#
...........o.#
#######o###.#
#.# #.#
#.########.#
#.#
#.....S@o).#
#.#
#....#######
#.# ... #.# .
#.# .


You could see an adder and an orc.

Vanquished Creatures
  A giant frog zombie (D:3)
  2 adders (D:2)
  A giant gecko (D:1)
  An orc (D:3)
  4 goblins (D:1)
  2 hobgoblins (D:1)
  2 bats (D:1)
  A giant cockroach (D:1)
  2 giant newts (D:1)
  2 kobolds (D:1)
  6 rats
24 creatures vanquished.

Notes
Turn   | Place    | Note
--------------------------------------------------------------
     0 | D:1      | 4tharraofdagon, the Deep Elf Fire Elementalist, began the quest for the Orb.
     0 | D:1      | Reached XP level 1. HP: 10/10 MP: 5/5
    43 | D:1      | Gained mutation: You are clumsy. (Dex -2) [potion of mutation]
    43 | D:1      | Gained mutation: You have a slow metabolism. [potion of mutation]
    43 | D:1      | Gained mutation: Your vision is a little blurry. [potion of mutation]
    92 | D:1      | Reached XP level 2. HP: 15/15 MP: 1/8
   232 | D:2      | Reached skill level 4 in Fire Magic
   232 | D:2      | Reached XP level 3. HP: 19/19 MP: 5/11
   237 | D:2      | Learned a level 3 spell: Conjure Flame
   325 | D:3      | Reached XP level 4. HP: 1/24 MP: 6/14
   364 | D:3      | Slain by an adder

Action                   |  1- 3 |  4- 6 || total
-------------------------+-------+-------++-------
Melee: Dagger            |    23 |       ||    23
 Cast: Flame Tongue      |    25 |     3 ||    28
       Conjure Flame     |     2 |     1 ||     3
  Use: Potion            |     4 |       ||     4
 Stab: Sleeping          |     2 |       ||     2
